 Dungeon Crawl Stone Soup version 0.28.0-53-g5a82cb258f (webtiles) character file.

Game seed: 7108258470081382666

12214 Martska the Fighter (level 11, -6/99 HPs)
             Began as a Minotaur Fighter on June 26, 2022.
             Was a Priest of the Shining One.
             Mangled by a ten-headed hydra (14 damage)
             ... on level 1 of the Lair of Beasts.
             The game lasted 00:21:24 (9968 turns).

Martska the Fighter (Minotaur Fighter)              Turns: 9968, Time: 00:21:25

Health: -6/99      AC:  7    Str: 25    XL:     11   Next: 59%
Magic:  15/15      EV: 15    Int:  5    God:    the Shining One [***...]
Gold:   553        SH: 15    Dex: 10    Spells: 9/10 levels left

rFire   . . .      SeeInvis .   d - +6 rapier (flame)
rCold   . . .      Faith    .   x - +0 tower shield
rNeg    + . .      Spirit   .   P - +0 troll leather armour
rPois   .          Reflect  .   (helmet restricted)
rElec   .          Harm     .   E - +0 cloak
rCorr   .          Rampage  .   (no gloves)
Will    .....                   (no boots)
Stlth   +.........              (no amulet)
HPRegen 1.06/turn               O - +4 ring of slaying
MPRegen 0.14/turn               D - +4 ring of evasion

@: glowing
A: horns 2, retaliatory headbutt
a: Renounce Religion, Divine Shield, Cleansing Flame


You were on level 1 of the Lair of Beasts.
You worshipped the Shining One.
The Shining One was most pleased with you.
You visited 3 branches of the dungeon, and saw 11 of its levels.

You collected 718 gold pieces.
You spent 136 gold pieces at shops.
You donated 29 gold pieces to Zin.

Inventory:

Hand Weapons
 d - a +6 rapier of flaming (weapon)
 y - a +3 flail of protection
 M - a +5 war axe of freezing
Missiles
 t - 6 throwing nets (quivered)
Armour
 b - a +0 scale mail
 c - a +0 buckler
 x - a +0 tower shield (worn)
 B - a +3 leather armour of poison resistance
 E - a +0 cloak (worn)
 P - a +0 troll leather armour (worn)
 S - +0 acid dragon scales
Jewellery
 a - a ring of protection from cold
 r - a ring of poison resistance
 s - a ring of flight
 D - a +4 ring of evasion (right hand)
 I - a ring of positive energy
 O - a +4 ring of slaying (left hand)
 Q - a ring of positive energy
 V - a ring of magical power
Wands
 J - a wand of paralysis (4)
 R - a wand of digging (6)
 T - a wand of mindburst (14)
 U - a wand of polymorph (5)
Scrolls
 e - 3 scrolls of amnesia
 f - 3 scrolls of teleportation
 g - 4 scrolls of fear
 l - a scroll of immolation {unknown}
 m - 4 scrolls of vulnerability {unknown}
 o - 3 scrolls of magic mapping
 q - 2 scrolls of fog {unknown}
 v - 2 scrolls of enchant weapon {unknown}
 A - 2 scrolls of brand weapon {unknown}
 C - a scroll of blinking
 F - a scroll of acquirement {unknown}
 N - a scroll of enchant armour {unknown}
Potions
 h - a potion of brilliance {unknown}
 i - 5 potions of flight
 j - 2 potions of berserk rage {unknown}
 k - a potion of invisibility
 n - 3 potions of heal wounds
 p - a potion of mutation {unknown}
 u - 2 potions of curing
 w - a potion of lignification {unknown}
 z - a potion of degeneration {unknown}
 G - a potion of haste
 H - a potion of magic {unknown}
 K - 2 potions of resistance {unknown}
 L - 2 potions of attraction {unknown}


   Skills:
 * Level 9.9 Fighting
 * Level 9.6 Axes
 + Level 9.7 Armour
 * Level 8.4 Dodging
 + Level 9.8 Shields
 * Level 7.2 Invocations
 * Level 1.9 Evocations


You had 9 spell levels left.
You knew the following spells:

 Your Spells              Type           Power      Damage    Failure   Level
a - Apportation           Tloc           0%         N/A       98%         1

Your spell library contained the following spells:

 Spells                   Type           Power      Damage    Failure   Level
 Sting                    Tmut/Pois      0%         1d3       98%         1
 Poisonous Vapours        Pois/Air       0%         N/A       99%         2
 Sublimation of Blood     Necr           0%         N/A       99%         2
 Olgreb's Toxic Radiance  Pois           0%         N/A       100%        4
 Petrify                  Tmut/Erth      0%         N/A       100%        4
 Alistair's Intoxication  Tmut/Pois      0%         N/A       100%        5
 Irradiate                Conj/Tmut      0%         3d13      100%        5
 Chain Lightning          Conj/Air       0%         N/A       100%        9
 Fire Storm               Conj/Fire      0%         5d1       100%        9
 Shatter                  Erth           0%         3d5*      100%        9


Dungeon Overview and Level Annotations

Branches:
Dungeon (9/15)             Temple (1/1) D:7            Lair (1/6) D:9
    Orc (0/2) D:9

Altars:
Cheibriados
Dithmenos
Fedhas
Hepliaklqana
Nemelex Xobeh
Qazlal
Ru
Sif Muna
Uskayaw
Wu Jian
Zin
The Shining One

Shops:
D:2 (([[?   D:5 ?


Innate Abilities, Weirdness & Mutations

You have a pair of horns on your head.
You reflexively headbutt those who attack you in melee.


Message History

g - Guard the area. f - Follow me.
Anything else - Cancel.
Okay, then.
Aiming: Mindburst
Press: ? - help, Shift-Dir - straight line, f/p - ten-headed hydra
Aim: a ten-headed hydra (lightly wounded, haloed, chance to affect: 37%)
The ten-headed hydra resists with some effort.
Things that are here:
a wolf corpse; a wolf corpse; a wolf corpse You hit the ten-headed hydra.
You burn the ten-headed hydra. You headbutt the ten-headed hydra!
The ten-headed hydra is moderately wounded.
The ten-headed hydra closely misses you.
The ten-headed hydra bites you.
The ten-headed hydra bites you but does no damage.
You block the ten-headed hydra's attack. x2
The ten-headed hydra bites you! The ten-headed hydra barely misses you.
The ten-headed hydra closely misses you.
You block the ten-headed hydra's attack.
The ten-headed hydra barely misses you.
You puncture the ten-headed hydra! You burn the ten-headed hydra.
You headbutt the ten-headed hydra!
The ten-headed hydra is severely wounded.
The ten-headed hydra closely misses you.
You block the ten-headed hydra's attack. x2
The ten-headed hydra bites you!
You block the ten-headed hydra's attack.
The ten-headed hydra bites you!
* * * LOW HITPOINT WARNING * * *
The ten-headed hydra barely misses you. The ten-headed hydra bites you.
* * * LOW HITPOINT WARNING * * *
The ten-headed hydra completely misses you.
The ten-headed hydra bites you!
* * * LOW HITPOINT WARNING * * *
The ten-headed hydra bites you! The Shining One protects you from harm!
The ten-headed hydra bites you.
* * * LOW HITPOINT WARNING * * *
The ten-headed hydra misses you. The ten-headed hydra bites you!
You die...

#. #.#.P..#. #...#
#........ P #.#.# #..#.....
.. ##.#.# #........
#.##P.#.# #..######
.......# #####..###P##
#####P...######)...÷.......
#.........#......#...###..#
. #......D@..........#.....
..
#.#..#..###....#..<#..##.
>..#..#....#
###.#......###.
...........# #..##.#....##.
......P.#.>#
##.....#.......
........÷..#
#..............
...........#
##.#######.####
...##.###..# #.##.......# #
... #. #.## #.##...#.#.##


You could see a ten-headed hydra.

Vanquished Creatures
  Fannar (Lair:1)
  Harold (D:8)
  3 two-headed ogres (D:8)
  Pikel (D:8)
  An elephant (D:9)
  A black mamba (Lair:1)
  Joseph (D:8)
  Maggie (D:8)
  A cane toad (Lair:1)
  A komodo dragon (Lair:1)
  An unseen horror (D:8)
  A troll (D:8)
  A vampire (D:9)
  A wraith (D:6)
  2 wyverns
  Eustachio (D:5)
  The ghost of TehNispe the Sneak, an amateur FeEn of Wu Jian (D:4)
  Sigmund (D:6)
  3 basilisks
  3 yaks (Lair:1)
  2 steam dragons
  Edmund (D:5)
  3 water moccasins
  3 ice beasts
  3 necrophages
  3 orc warriors
  A sky beast (D:5)
  A black bear (D:9)
  An ogre (D:5)
  6 wolves (Lair:1)
  2 centaurs
  3 kobold brigands
  Blork the orc (D:5)
  2 scorpions (D:4)
  6 bullfrogs
  5 killer bees
  5 wights (D:8)
  3 howler monkeys (D:8)
  4 centaur zombies
  A bullfrog zombie (D:4)
  5 jellies
  A hound (D:7)
  2 bullfrog skeletons
  A centaur skeleton (D:6)
  Jessica (D:2)
  A gnoll shaman (D:8)
  3 iguanas
  4 orc wizards
  3 howler monkey zombies
  2 adders
  14 gnolls
  A shadow imp (D:7)
  A white imp (D:8)
  An ufetubus (D:6)
  10 dart slugs
  20 orcs
  9 ball pythons
  7 bats
  5 endoplasms
  4 giant cockroaches
  7 goblins
  5 hobgoblins
  5 quokkas
  2 frilled lizards (D:1)
  13 kobolds
  A quokka skeleton (D:4)
  4 rats
215 creatures vanquished.

Vanquished Creatures (others)
  4 fungi (Lair:1)
  6 plants
10 creatures vanquished.

Grand Total: 225 creatures vanquished

Notes
Turn   | Place    | Note
-------+----------+-------------------------------------------
     0 | D:1      | Martska the Minotaur Fighter began the quest for the Orb.
     0 | D:1      | Reached XP level 1. HP: 19/19 MP: 0/0
   137 | D:1      | Reached XP level 2. HP: 27/27 MP: 1/1
   564 | D:1      | Reached skill level 1 in Dodging
   810 | D:2      | Found Perexkuw's Antique Armour Boutique.
   817 | D:2      | Found a stormy altar of Qazlal.
   841 | D:2      | Found Zitaxt's Antique Weapon Shop.
   906 | D:2      | Found Hus Jeus's Weapon Shop.
   973 | D:2      | Reached XP level 3. HP: 33/33 MP: 2/2
   974 | D:2      | Noticed Jessica
   985 | D:2      | Killed Jessica
  1376 | D:2      | Found Jejusu's Magic Scroll Shop.
  1384 | D:2      | Bought a scroll of teleportation for 39 gold pieces
  1616 | D:2      | Found a faded altar of an unknown god.
  1645 | D:2      | Found Gadamic's Armour Emporium.
  2167 | D:3      | Reached XP level 4. HP: 40/40 MP: 3/3
  2711 | D:3      | Found a hazy altar of Hepliaklqana.
  2712 | D:3      | Found a sacrificial altar of Ru.
  2717 | D:3      | Found a glowing silver altar of Zin.
  2726 | D:3      | Became a worshipper of Zin the Law-Giver
  2726 | D:3      | Reached * piety under Zin
  2972 | D:4      | Noticed TehNispe's ghost (amateur FeEn)
  2973 | D:4      | Found a runed translucent gate.
  2973 | D:4      | Found a runed translucent gate.
  2973 | D:4      | Found a runed translucent gate.
  3030 | D:4      | Reached XP level 5. HP: 8/47 MP: 4/4
  3551 | D:4      | You fall into a shaft and drop 1 floor!
  3551 | D:5      | Entered Level 5 of the Dungeon
  3551 | D:5      | Noticed Edmund
  3622 | D:4      | Reached skill level 1 in Invocations
  3622 | D:4      | Reached XP level 6. HP: 20/55 MP: 5/5
  3910 | D:4      | Reached skill level 5 in Armour
  4167 | D:5      | Noticed Blork the orc
  4177 | D:5      | Killed Blork the orc
  4178 | D:5      | Reached skill level 5 in Fighting
  4178 | D:5      | Reached skill level 5 in Shields
  4324 | D:5      | Noticed a sky beast
  4474 | D:5      | Killed a sky beast
  4475 | D:5      | Reached XP level 7. HP: 29/61 MP: 7/7
  4634 | D:5      | Killed Edmund
  4748 | D:5      | Reached ** piety under Zin
  4770 | D:5      | Noticed Eustachio
  4786 | D:5      | Killed Eustachio
  5103 | D:5      | Found a sparkling altar of Nemelex Xobeh.
  5127 | D:5      | Found Adaleasoa's Magic Scroll Boutique.
  5135 | D:5      | Bought a scroll of blinking for 97 gold pieces
  5404 | D:4      | Reached skill level 5 in Axes
  5414 | D:4      | Killed TehNispe's ghost
  5415 | D:4      | Reached XP level 8. HP: 13/70 MP: 7/9
  5759 | D:6      | Noticed Sigmund
  5982 | D:6      | Killed Sigmund
  6370 | D:6      | Found a hide-covered altar of Uskayaw.
  6380 | D:6      | Found a shadowy altar of Dithmenos.
  6390 | D:6      | Reached *** piety under Zin
  6840 | D:7      | Found a staircase to the Ecumenical Temple.
  6869 | Temple   | Entered the Ecumenical Temple
  6873 | Temple   | Reached skill level 5 in Dodging
  6876 | Temple   | Fell from the grace of Zin
  6876 | Temple   | Became a worshipper of the Shining One
  6876 | Temple   | Reached * piety under the Shining One
  6988 | D:7      | Reached XP level 9. HP: 78/78 MP: 11/11
  6990 | D:7      | Paralysed by an orc for 3 turns
  7009 | D:7      | Learned a level 1 spell: Apportation
  7579 | D:8      | Noticed Joseph
  7587 | D:8      | Killed Joseph
  7980 | D:8      | Noticed a troll
  7981 | D:8      | Found a shimmering blue altar of Sif Muna.
  7981 | D:8      | Noticed a two-headed ogre
  7982 | D:8      | Found a blossoming altar of Fedhas.
  7985 | D:8      | Reached ** piety under the Shining One
  7991 | D:8      | Noticed an unseen horror
  7996 | D:8      | Killed an unseen horror
  7997 | D:8      | Reached skill level 5 in Invocations
  8007 | D:8      | Killed a troll
  8015 | D:8      | Killed a two-headed ogre
  8016 | D:8      | Reached XP level 10. HP: 26/88 MP: 11/13
  8334 | D:8      | Found a sparkling altar of Nemelex Xobeh.
  8334 | D:8      | Found a snail-covered altar of Cheibriados.
  8377 | D:8      | Noticed Pikel
  8385 | D:8      | Killed Pikel
  8500 | D:8      | Noticed a two-headed ogre
  8504 | D:8      | Killed a two-headed ogre
  8555 | D:8      | Noticed a two-headed ogre
  8560 | D:8      | Killed a two-headed ogre
  8616 | D:8      | Noticed Harold
  8628 | D:8      | Killed Harold
  8628 | D:8      | Noticed Maggie
  8640 | D:8      | Killed Maggie
  8724 | D:8      | Reached XP level 11. HP: 97/97 MP: 14/14
  9067 | D:8      | Reached *** piety under the Shining One
  9468 | D:9      | Found a staircase to the Lair.
  9469 | D:9      | Found a staircase to the Orcish Mines.
  9505 | Lair:1   | Entered Level 1 of the Lair of Beasts
  9626 | Lair:1   | Noticed a six-headed hydra
  9634 | Lair:1   | HP: 4/97 [ten-headed hydra (12)]
  9784 | Lair:1   | Reached skill level 1 in Evocations
  9819 | Lair:1   | Noticed Fannar
  9832 | Lair:1   | Killed Fannar
  9968 | Lair:1   | The Shining One protects you from harm!
  9968 | Lair:1   | Mangled by a ten-headed hydra

Illustrated notes

Levels and vault maps discovered:
D:1:      amcnicky_arrival_double_pillar, layout_loops_ring
D:2:      wad_lake_hut, layout_loops_ring,
          hellmonk_ecumenical_altar_heavens_door, serial_shops, shop,
          nicolae_lakefront_shop, nicolae_shop_hallway_stairs, shop, shop,
          basic_altar, uniq_jessica
D:3:      layout_loops_ring, minitemple
D:4:      layout_loops_cross, gammafunk_ghost_necromancy
D:5:      layout_cave_pools, lemuel_doored_altar, serial_shops,
          nicolae_shop_statue_plus, serial_glass, glass_columns_a,
          glass_columns_a, uniq_eustachio, uniq_edmund, uniq_blork_the_orc
D:6:      kennysheep_slugbush, layout_rooms, kennysheep_little_box,
          grunt_dithmenos_smoke, nrook_loot_triangle, uniq_sigmund
D:7:      layout_basic, minmay_temple_entry_mist, grunt_decor_mini_mirrors
D:8:      minmay_the_grid_octo_tiled_squarecenter [minmay_the_grid_octo_toaster,
          minmay_the_grid_octo_fan_narrow, minmay_the_grid_octo_checkerflower,
          minmay_the_grid_octo_shrine,
          minmay_the_grid_square_5x5_megaprize_hollow,
          minmay_the_grid_square_5x5_inset, minmay_the_grid_square_5x5_two,
          minmay_the_grid_square_5x5_inner_v, minmay_the_grid_square_5x5_plus],
          layout_basic, kennysheep_generic_room_13, uniq_joseph, uniq_maggie,
          uniq_harold, uniq_pikel
D:9:      layout_irregular_city, david_lair_generic, orc_0_dummy
Temple:   regret_index_temple_waves
Lair:1:   layout_loops_ring, columned_hall_lemuel, uniq_fannar

Skill      XL: |  1  2  3  4  5  6  7  8  9 10 11 |
---------------+----------------------------------+-----
Dodging        | 1 2 3 4 5 6 7 8 |  8.4
Fighting       | 4 5 6 8 9 |  9.9
Armour         | 4 5 6 8 9 |  9.7
Axes           | 3 4 5 6 7 8 9 |  9.6
Shields        | 4 5 6 8 9 |  9.8
Invocations    | 1 2 4 5 6 7 |  7.2
Evocations     | 1 |  1.9

Action                   |  1- 3 |  4- 6 |  7- 9 | 10-12 || total
-------------------------+-------+-------+-------+-------++-------
Melee: War axe           |    64 |   122 |   177 |   145 ||   508
       Headbutt          |    11 |    14 |    33 |    43 ||   101
       Rapier            |       |       |       |     3 ||     3
Evoke: Wand              |       |       |       |     6 ||     6
  Use: Scroll            |     2 |       |     5 |     2 ||     9
       Potion            |       |       |     3 |     1 ||     4
Armor: Scale mail        |    27 |    53 |    14 |       ||    94
       Leather armour    |       |       |    42 |       ||    42
       Troll leather arm |       |       |       |    28 ||    28
Dodge: Dodged            |    36 |    74 |   161 |   113 ||   384
Block: Buckler           |    18 |    26 |    39 |    24 ||   107
       Tower shield      |       |       |       |    73 ||    73
